 Dungeon Crawl Stone Soup version 0.27.1-34-g3ba077fa99 (webtiles) character file.

Game seed: 745451606431688908

83 sjiht001 the Sneak (level 4, 0/23 HPs)
             Began as a Spriggan Brigand on Jan 6, 2022.
             Was an Initiate of Dithmenos.
             Slain by a steam dragon (5 damage)
             ... on level 3 of the Dungeon.
             The game lasted 00:19:33 (3332 turns).

sjiht001 the Sneak (Spriggan Brigand)               Turns: 3332, Time: 00:19:34

Health: 0/23       AC:  3    Str:  7    XL:     4   Next: 22%
Magic:  5/5        EV: 17    Int: 18    God:    Dithmenos [......]
Gold:   75         SH:  0    Dex: 17    Spells: 3/3 levels left

rFire    + . .     SeeInvis +   a - +2 dagger
rCold    . . .     Faith    .   (shield restricted)
rNeg     . . .     Spirit   .   b - +0 robe
rPois    .         Reflect  .   (helmet restricted)
rElec    .         Harm     .   c - +0 cloak
rCorr    .         Rampage  .   (gloves unavailable)
Will     .....                  (boots unavailable)
Stlth    ++++......             (no amulet)
HPRegen  0.07/turn              d - +6 ring of intelligence
MPRegen  0.09/turn              n - ring of protection from fire

@: very quick
A: very small, no large weapons, unfitting armour, see invisible, speed 3
a: Renounce Religion


You were on level 3 of the Dungeon.
You worshipped Dithmenos.
Dithmenos was noncommittal.
You visited 1 branch of the dungeon, and saw 3 of its levels.

You collected 75 gold pieces.

Inventory:

Hand Weapons
 a - a +2 dagger (weapon)
 h - a +1 dagger of pain
Missiles
 e - 2 curare-tipped darts
 f - a throwing net
 k - 7 poisoned darts (quivered)
 l - 62 stones
Armour
 b - a +0 robe (worn)
 c - a +0 cloak (worn)
Jewellery
 d - a +6 ring of intelligence (left hand)
 g - a ring of ice
 n - a ring of protection from fire (right hand)
Scrolls
 j - 2 scrolls of fear {unknown}
 p - 2 scrolls of noise {unknown}
 q - 4 scrolls of teleportation {unknown}
 s - a scroll of vulnerability {unknown}
 t - a scroll of identify {unknown}
Potions
 i - a potion of ambrosia {unknown}
 m - 2 potions of heal wounds {unknown}
 o - 2 potions of curing {unknown}
 r - 2 potions of haste {unknown}


   Skills:
 * Level 2.0 Fighting
 + Level 2.8 Short Blades
 - Level 2.0 Throwing
 * Level 2.4 Dodging
 + Level 7.5 Stealth


You had 3 spell levels left.
You didn't know any spells.
Your spell library contained the following spells:

 Spells                   Type           Power      Damage    Failure   Level
 Sandblast                Erth           0%         2d4       22%         1
 Passwall                 Tmut/Erth      0%         N/A       32%         2
 Lee's Rapid Deconstruct  Erth           0%         3d5*      99%         5


Dungeon Overview and Level Annotations

Branches:
Dungeon (3/15)

Altars:
Dithmenos
Sif Muna


Innate Abilities, Weirdness & Mutations

You are very small and have problems with some larger weapons.
You are too small for most types of armour.
You have supernaturally acute eyesight. (SInv)
You cover ground extremely quickly. (Speed+++)


Message History

You hit the steam dragon but do no damage.
The steam dragon is lightly wounded.
The steam dragon breathes steam at you. The ball of steam misses you.
You hit the steam dragon but do no damage.
The steam dragon is lightly wounded.
The steam dragon barely misses you.
The steam dragon claws you but does no damage.
You hit the steam dragon but do no damage.
The steam dragon is lightly wounded.
You hit the steam dragon.
The steam dragon is lightly wounded.
The steam dragon misses you. x2
You hit the steam dragon but do no damage.
The steam dragon is lightly wounded.
The steam dragon completely misses you. The steam dragon barely misses you.
You hit the steam dragon.
The steam dragon is lightly wounded.
The steam dragon bites you. The steam dragon claws you.
You hit the steam dragon but do no damage.
The steam dragon is lightly wounded.
The steam dragon closely misses you. The steam dragon misses you.
You hit the steam dragon.
The steam dragon is moderately wounded.
The steam dragon barely misses you. The steam dragon completely misses you.
You hit the steam dragon.
The steam dragon is moderately wounded.
The steam dragon bites you!
* * * LOW HITPOINT WARNING * * *
The steam dragon barely misses you.
You closely miss the steam dragon.
The steam dragon is moderately wounded.
You barely miss the steam dragon.
The steam dragon is moderately wounded.
The steam dragon misses you.
The steam dragon claws you but does no damage.
You hit the steam dragon.
The steam dragon is heavily wounded.
The steam dragon closely misses you. The steam dragon claws you.
You die...

8...8 #.#........#
.....
#.#........#######
.....
#.####'#..........
.....
#.####..#...#..........
#...........#..........
#...###...#.#.#########
##.. ##..#...#
.....####..#..)##
......D@...#.##.#
........(..#.##.#
...........#.##o.._.+
................#..8#
..........#...#.##..#
#######
.....######...#.. ### #
......o ..... ....###
## ....... ..... .o...
. .....oo #.. #


You could see a steam dragon.

Vanquished Creatures
  3 adders
  A worm (D:2)
  A dart slug (D:1)
  2 orcs (D:3)
  4 bats (D:1)
  4 endoplasms
  A giant cockroach (D:1)
  4 goblins
  6 hobgoblins
  7 kobolds
  3 quokkas
  4 ball pythons
  3 frilled lizards (D:1)
  A rat (D:1)
  A spectral goblin (D:3)
45 creatures vanquished.

Vanquished Creatures (others)
  A goblin (D:3)
  A kobold (D:3)
  A bat (D:3)
3 creatures vanquished.

Grand Total: 48 creatures vanquished

Notes
Turn   | Place    | Note
-------+----------+-------------------------------------------
     0 | D:1      | sjiht001 the Spriggan Brigand began the quest for the Orb.
     0 | D:1      | Reached XP level 1. HP: 10/10 MP: 2/2
   154 | D:1      | Reached skill level 6 in Stealth
   409 | D:1      | Reached XP level 2. HP: 14/14 MP: 3/3
   817 | D:1      | Reached skill level 7 in Stealth
  1354 | D:1      | Reached XP level 3. HP: 15/18 MP: 4/4
  1650 | D:2      | Found a shadowy altar of Dithmenos.
  1656 | D:2      | Became a worshipper of Dithmenos the Shadowed
  2585 | D:3      | Reached XP level 4. HP: 18/23 MP: 5/5
  2657 | D:3      | Found a faded altar of an unknown god.
  2805 | D:3      | Found a shimmering blue altar of Sif Muna.
  3306 | D:3      | Noticed a steam dragon
  3332 | D:3      | Slain by a steam dragon

Illustrated notes

Levels and vault maps discovered:
D:1:      amcnicky_arrival_choice, layout_basic, minmay_pentomino_u4
D:2:      layout_rooms, basic_altar
D:3:      layout_basic, nicolae_overflow_hidden_temple, lemuel_round_altar,
          led_sif_book, dreamdust_ecumenical_altar_drowned_temple,
          minmay_misc_feat_enclosed, minmay_misc_feat_iff, lemuel_flame_loot_1

Skill      XL: |  1  2  3  4 |
---------------+-------------+-----
Stealth        | 6 7 |  7.5
Dodging        | 2 |  2.4
Fighting       | 2 |  2.0
Short Blades   | |  2.8
Throwing       | |  2.0

Action                   |  1- 3 |  4- 6 || total
-------------------------+-------+-------++-------
Melee: Dagger            |   122 |    53 ||   175
Throw: Dart              |     8 |     4 ||    12
 Stab: Sleeping          |    12 |     2 ||    14
       Distracted        |     1 |       ||     1
Armor: Robe              |     7 |     5 ||    12
Dodge: Dodged            |    75 |    35 ||   110
